[Event "4NCL Div 1 2018-19"]
[Site "Daventry"]
[Date "2019.01.12"]
[Round "3"]
[White "Stepanyan, Henrik"]
[Black "Ledger, Stephen C"]
[Result "1/2-1/2"]
[ECO "A43"]
[WhiteElo "2158"]
[BlackElo "2095"]
[Annotator "NA"]
[PlyCount "76"]
[EventDate "2019.01.12"]
[EventCountry "GBR"]
[SourceTitle "playchess.com"]
[Source "ChessBase"]
[SourceQuality "1"]
[TimeControl "40"]

1. d4 Nf6 2. Nf3 c5 3. d5 b5 4. Bg5 d6 5. Bxf6 exf6 6. e4 a6 7. a4 b4 8. Bd3 g6 9. a5 Bg7 10. c3 bxc3 11. bxc3 O-O 12. O-O Bg4 13. h3 Bxf3 14. Qxf3 Re8 15. Nd2 Nd7 16. Nc4 Ne5 17. Nxe5 Rxe5 18. Rfb1 Re7 19. Rb6 f5 20. exf5 Bxc3 21. Rab1 Bxa5 22. Rc6 Rc7 23. Qf4 Rxc6 24. dxc6 Bc7 25. Rb7 Rb8 26. fxg6 hxg6 27. Bc4 Qe7 28. Qg4 d5 29. Rxb8+ Bxb8 30. Qc8+ Qf8 31. Qxf8+ Kxf8 32. Bxd5 Ke7 33. Kf1 g5 34. g3 f6 35. h4 gxh4 36. gxh4 Bf4 37. Ke2 Kd6 38. Bc4 Kxc6 1/2-1/2

[Event "4NCL Div 1 2018-19"]
[Site "Daventry"]
[Date "2019.01.12"]
[Round "3"]
[White "Oswald, Graeme E"]
[Black "Jackson, James P"]
[Result "1/2-1/2"]
[ECO "A00"]
[WhiteElo "2143"]
[BlackElo "2377"]
[Annotator "NA"]
[PlyCount "165"]
[EventDate "2019.01.12"]
[EventCountry "GBR"]
[SourceTitle "playchess.com"]
[Source "ChessBase"]
[SourceQuality "1"]
[TimeControl "40"]

1. g3 e5 2. Bg2 d5 3. c4 dxc4 4. Qa4+ c6 5. Qxc4 Be6 6. Qc2 Ne7 7. Nf3 f6 8. O-O Nf5 9. d3 Na6 10. a3 Nc5 11. Nbd2 a5 12. b3 Be7 13. Rb1 O-O 14. Bb2 Qe8 15. e4 Nh6 16. d4 exd4 17. Nxd4 Bd7 18. Nc4 Qh5 19. Nb6 Rad8 20. Nxd7 Rxd7 21. h3 Rfd8 22. Rbd1 Na6 23. Nf3 Qc5 24. Qe2 Rxd1 25. Rxd1 Rxd1+ 26. Qxd1 Qd6 27. Qe1 Nf7 28. Nd4 Qc5 29. Kh2 Qb6 30. Qd1 Nc5 31. f4 Bf8 32. Qc2 Qa6 33. Kg1 Qd3 34. b4 axb4 35. axb4 Qe3+ 36. Kh2 Nd3 37. Nf5 Qf2 38. Qxf2 Nxf2 39. b5 cxb5 40. Bd4 Nd3 41. Bf1 Nc5 42. e5 fxe5 43. fxe5 g6 44. Ne3 Ne6 45. Bb2 Bc5 46. Nc2 Nc7 47. Kg2 Kf8 48. h4 Nd8 49. Nd4 b4 50. Kf3 Nc6 51. Nb3 Bg1 52. g4 Ne6 53. Ke4 Bf2 54. h5 Ke7 55. Bd3 Bg3 56. Bc2 Be1 57. hxg6 hxg6 58. Kd3 Kf7 59. Kc4 Bc3 60. Bxc3 bxc3 61. Kxc3 Nxe5 62. Na5 b6 63. Nc4 Nxc4 64. Kxc4 g5 65. Bd1 Kf6 66. Kb5 Ke5 67. Kxb6 Nf4 68. Kc6 Nd5 69. Kd7 Ne3 70. Be2 Kf4 71. Ke6 Nxg4 72. Kf7 Ne5+ 73. Kf6 Nc6 74. Bd1 Nd4 75. Kg6 Nb5 76. Kf6 Nc3 77. Bh5 Ne4+ 78. Kg6 Nf2 79. Kf6 Nh3 80. Kg6 Ng1 81. Kf6 Nf3 82. Bxf3 Kxf3 83. Kxg5 1/2-1/2

[Event "4NCL Div 1 2018-19"]
[Site "Daventry"]
[Date "2019.01.12"]
[Round "3"]
[White "Walton, Alan J"]
[Black "Skulte, Christopher"]
[Result "1/2-1/2"]
[ECO "D31"]
[WhiteElo "2140"]
[BlackElo "2110"]
[Annotator "NA"]
[PlyCount "32"]
[EventDate "2019.01.12"]
[EventCountry "GBR"]
[SourceTitle "playchess.com"]
[Source "ChessBase"]
[SourceQuality "1"]
[TimeControl "40"]

1. d4 d5 2. c4 e6 3. Nc3 c6 4. e4 dxe4 5. Nxe4 Nd7 6. Nf3 Ngf6 7. Nxf6+ Qxf6 8. Bd3 Bb4+ 9. Bd2 Bxd2+ 10. Qxd2 O-O 11. O-O e5 12. dxe5 Nxe5 13. Nxe5 Qxe5 14. Rfe1 Qf6 15. Re3 Rd8 16. Rae1 Be6 1/2-1/2

[Event "4NCL Div 1 2018-19"]
[Site "Daventry"]
[Date "2019.01.12"]
[Round "3"]
[White "Coathup, Roger H"]
[Black "Franklin, Samuel G A"]
[Result "1/2-1/2"]
[ECO "E73"]
[WhiteElo "2139"]
[BlackElo "2329"]
[Annotator "NA"]
[PlyCount "85"]
[EventDate "2019.01.12"]
[EventCountry "GBR"]
[SourceTitle "playchess.com"]
[Source "ChessBase"]
[SourceQuality "1"]
[TimeControl "40"]

1. d4 Nf6 2. c4 g6 3. Nc3 Bg7 4. e4 d6 5. Be2 O-O 6. Bg5 Na6 7. f4 c6 8. Nf3 Nc7 9. Bh4 Ne6 10. Qd2 d5 11. Bxf6 exf6 12. exd5 cxd5 13. Nxd5 f5 14. O-O b5 15. Rad1 bxc4 16. Bxc4 Bb7 17. Nc3 Bxf3 18. Rxf3 Bxd4+ 19. Kf1 Bxc3 20. bxc3 Nc5 21. Qxd8 Rfxd8 22. Bd5 Rab8 23. c4 Rd7 24. Re1 Kg7 25. Rfe3 Kf6 26. Ra3 Rc7 27. Ree3 h5 28. Ra5 Rb1+ 29. Kf2 Rb2+ 30. Kf3 Rc2 31. Rea3 a6 32. Re3 Rc1 33. Ke2 Rc2+ 34. Kf3 Rc1 35. g3 Rc2 36. Re2 Rc3+ 37. Re3 Rc2 38. Re2 Rc3+ 39. Kg2 Rc8 40. Kf1 Rc1+ 41. Kg2 Rc3 42. Rb2 Rc7 43. Re2 1/2-1/2

[Event "4NCL Div 1 2018-19"]
[Site "Daventry"]
[Date "2019.01.12"]
[Round "3"]
[White "Taylor, Adam A"]
[Black "Sowray, Peter J"]
[Result "0-1"]
[ECO "A13"]
[WhiteElo "2122"]
[BlackElo "2344"]
[Annotator "NA"]
[PlyCount "102"]
[EventDate "2019.01.12"]
[EventCountry "GBR"]
[SourceTitle "playchess.com"]
[Source "ChessBase"]
[SourceQuality "1"]
[TimeControl "40"]

1. Nf3 d5 2. g3 Nf6 3. Bg2 e6 4. O-O c5 5. c4 dxc4 6. Na3 Nc6 7. Nxc4 Be7 8. b3 O-O 9. Bb2 Qc7 10. Rc1 Rd8 11. Qc2 Bd7 12. Qb1 Be8 13. Rfd1 Rac8 14. d4 b5 15. Ne3 Qb6 16. dxc5 Bxc5 17. Rxd8 Rxd8 18. Bxf6 gxf6 19. Ng4 Kg7 20. Qb2 e5 21. Qc2 h5 22. Nh4 Nd4 23. Qxc5 hxg4 24. Qxb6 axb6 25. Kf1 b4 26. e3 Bb5+ 27. Ke1 Ne2 28. Rd1 Rxd1+ 29. Kxd1 Nc3+ 30. Kc2 Nxa2 31. Nf5+ Kf8 32. Nd6 Bd7 33. Bd5 Nc3 34. Bb7 Ke7 35. Nc4 Kd8 36. Nb2 Kc7 37. Ba8 Bf5+ 38. Kd2 Be6 39. Kc2 Kd6 40. e4 Ne2 41. Nd3 Nd4+ 42. Kd2 Nxb3+ 43. Ke3 Nd4 44. Nxb4 Nf3 45. h4 gxh3 46. Kxf3 Bg4+ 47. Kxg4 h2 48. Nd5 h1=Q 49. Nxb6 Qd1+ 50. f3 f5+ 51. Kh4 Kc5 0-1

[Event "4NCL Div 1 2018-19"]
[Site "Daventry"]
[Date "2019.01.12"]
[Round "3"]
[White "Maciol, Ryszard"]
[Black "Longson, Alexander"]
[Result "0-1"]
[ECO "D27"]
[WhiteElo "2120"]
[BlackElo "2312"]
[Annotator "NA"]
[PlyCount "92"]
[EventDate "2019.01.12"]
[EventCountry "GBR"]
[SourceTitle "playchess.com"]
[Source "ChessBase"]
[SourceQuality "1"]
[TimeControl "40"]

1. d4 d5 2. c4 dxc4 3. Nf3 Nf6 4. e3 e6 5. Bxc4 c5 6. O-O a6 7. Bb3 Be7 8. Qe2 cxd4 9. Rd1 Nc6 10. exd4 Na5 11. Bc2 b5 12. Ne5 Bb7 13. Nc3 Rc8 14. Bg5 O-O 15. Rac1 Nd5 16. Bd2 Nc4 17. Nxc4 Rxc4 18. a4 Rxd4 19. axb5 Qb6 20. Nxd5 Rxd5 21. bxa6 Bxa6 22. Qe4 Rf5 23. Be3 Bc5 24. Bxc5 Qxc5 25. Qh4 Rh5 26. Qf4 Qe5 27. Qxe5 Rxe5 28. Rd6 Bb7 29. Bd3 Rg5 30. g3 Ra5 31. b4 Ra2 32. b5 g6 33. Rd7 Bd5 34. Rb1 Rb8 35. b6 Kg7 36. Rc7 Rd2 37. Rc3 Ba2 38. Rb4 Rd1+ 39. Kg2 Bd5+ 40. Kh3 Rd2 41. f4 h5 42. Bc4 g5 43. fxg5 Bg2+ 44. Kh4 Rd4+ 45. g4 Rxg4+ 46. Kxh5 Rd4 0-1

[Event "4NCL Div 1 2018-19"]
[Site "Daventry"]
[Date "2019.01.12"]
[Round "3"]
[White "Tyomkyn, Mikhail"]
[Black "Pert, Nicholas"]
[Result "0-1"]
[ECO "D12"]
[WhiteElo "2111"]
[BlackElo "2558"]
[Annotator "ChessBase"]
[PlyCount "46"]
[EventDate "2019.01.12"]
[EventCountry "GBR"]
[SourceTitle "playchess.com"]
[Source "ChessBase"]
[SourceQuality "1"]
[TimeControl "40"]

1. d4 d5 2. c4 c6 3. Nf3 Nf6 4. e3 Bf5 5. Nc3 e6 6. Nh4 Be4 7. f3 Bg6 8. Qb3 Qc7 9. Bd2 Be7 10. Nxg6 hxg6 11. O-O-O dxc4 12. Bxc4 b5 13. Be2 a6 14. g3 c5 15. dxc5 Nbd7 16. Kb1 Nxc5 17. Qc2 O-O 18. f4 Rac8 19. Rc1 Qb7 20. Ka1 b4 21. Na4 Nce4 22. Bc4 Nxd2 23. Qxd2 Rxc4 0-1

[Event "4NCL Div 1 2018-19"]
[Site "Daventry"]
[Date "2019.01.12"]
[Round "3"]
[White "Lauterbach, Ingrid"]
[Black "Smith, Lynda"]
[Result "1-0"]
[ECO "B38"]
[WhiteElo "2057"]
[BlackElo "1837"]
[Annotator "NA"]
[PlyCount "59"]
[EventDate "2019.01.12"]
[EventCountry "GBR"]
[SourceTitle "playchess.com"]
[Source "ChessBase"]
[SourceQuality "1"]
[TimeControl "40"]

1. e4 c5 2. Nf3 g6 3. c4 Bg7 4. d4 cxd4 5. Nxd4 Nc6 6. Be3 d6 7. Be2 Nf6 8. Nc3 O-O 9. O-O Nxd4 10. Bxd4 Be6 11. Rc1 Nd7 12. Be3 Ne5 13. b3 Qa5 14. Qd2 Nc6 15. Rfd1 Rfe8 16. f4 Qd8 17. Bf3 Qc8 18. Qe2 Kh8 19. Kh1 h6 20. c5 dxc5 21. Bxc5 b6 22. Be3 Rd8 23. e5 Qb7 24. Qb5 Rdc8 25. Nd5 Bd7 26. Nxe7 Nxe7 27. Rxc8+ Qxc8 28. Qxd7 Qxd7 29. Rxd7 Re8 30. Rxa7 1-0

[Event "4NCL Div 1 2018-19"]
[Site "Daventry"]
[Date "2019.01.12"]
[Round "3"]
[White "Camp, Imogen A L"]
[Black "Maroroa, Sue"]
[Result "0-1"]
[ECO "E98"]
[WhiteElo "1917"]
[BlackElo "2120"]
[Annotator "NA"]
[PlyCount "104"]
[EventDate "2019.01.12"]
[EventCountry "GBR"]
[SourceTitle "playchess.com"]
[Source "ChessBase"]
[SourceQuality "1"]
[TimeControl "40"]

1. d4 Nf6 2. c4 g6 3. Nc3 Bg7 4. e4 d6 5. Nf3 O-O 6. Be2 Nc6 7. O-O e5 8. d5 Ne7 9. Ne1 Ne8 10. Be3 f5 11. f3 f4 12. Bf2 g5 13. Rc1 h5 14. Nd3 Rf6 15. c5 Rg6 16. cxd6 cxd6 17. Qb3 g4 18. Bh4 Bf6 19. Bxf6 Nxf6 20. Nxe5 dxe5 21. d6+ Kh8 22. dxe7 Qxe7 23. Nd5 Nxd5 24. Qxd5 Rd6 25. Qc5 Qf6 26. Rfd1 Rc6 27. Qd5 Rxc1 28. Rxc1 Be6 29. Qxb7 Rd8 30. Qxa7 g3 31. h3 Rd2 32. Qb8+ Kg7 33. Bf1 Bxa2 34. Qa7+ Bf7 35. b4 Qd6 36. b5 Rb2 37. Rc7 Qd4+ 38. Qxd4 exd4 39. Rd7 Rb4 40. e5 Kf8 41. Rd6 Be8 42. b6 Rb1 43. b7 Ke7 44. b8=Q Rxb8 45. Bd3 Ra8 46. Kf1 Ra1+ 47. Ke2 Ra2+ 48. Kf1 Rf2+ 49. Ke1 Rxg2 50. Kf1 Rf2+ 51. Kg1 Bd7 52. Rxd4 Bxh3 0-1

[Event "4NCL Div 1 2018-19"]
[Site "Daventry"]
[Date "2019.01.12"]
[Round "3"]
[White "Roy, Ali"]
[Black "Derakhshani, Borna"]
[Result "0-1"]
[ECO "D47"]
[WhiteElo "1897"]
[BlackElo "2322"]
[Annotator "NA"]
[PlyCount "104"]
[EventDate "2019.01.12"]
[EventCountry "GBR"]
[SourceTitle "playchess.com"]
[Source "ChessBase"]
[SourceQuality "1"]
[TimeControl "40"]

1. d4 Nf6 2. c4 d5 3. Nf3 c6 4. e3 e6 5. Nc3 Nbd7 6. Bd3 dxc4 7. Bxc4 b5 8. Bd3 Bb7 9. O-O Be7 10. b3 O-O 11. Bb2 a5 12. Rc1 Qb6 13. Qe2 a4 14. bxa4 b4 15. Ne4 Rxa4 16. Nxf6+ Nxf6 17. Bc4 Nd7 18. Rfd1 Rfa8 19. Bb3 R4a5 20. Nd2 Rg5 21. f4 Rg6 22. Nf3 Qa5 23. e4 Qh5 24. Rd2 Qg4 25. f5 Rh6 26. fxe6 fxe6 27. d5 c5 28. dxe6 Nf8 29. Bd5 Ba6 30. Qf2 Rc8 31. Ne5 Qh5 32. Qf7+ Qxf7 33. exf7+ Kh8 34. Rf2 Bg5 35. Rcc2 Be3 36. a3 b3 37. Bxb3 Rb6 38. Bc4 Rcb8 39. Bxa6 Rxb2 40. Rxb2 Rxb2 41. Ng4 Bxf2+ 42. Nxf2 Rb1+ 43. Bf1 c4 44. Ng4 c3 45. Ne3 Rc1 46. Kf2 c2 47. Nxc2 Rxc2+ 48. Ke3 Ra2 49. e5 Rxa3+ 50. Ke4 g6 51. Kd5 Kg7 52. e6 Kf6 0-1